 Dungeon Crawl Stone Soup version 0.29.1-15-g9cfb28693d (webtiles) character file.

Game seed: 7012106795419176787

254 ThatPearl the Trooper (level 5, -1/44 HPs)
             Began as a Demonspawn Berserker on Mar 8, 2023.
             Was a Believer of Trog.
             Slain by a gnoll
             ... wielding a +1 flail of protection
              (9 damage)
             ... on level 4 of the Dungeon.
             The game lasted 00:06:36 (3555 turns).

ThatPearl the Trooper (Demonspawn Berserker)        Turns: 3555, Time: 00:06:37

Health: -1/44      AC: 12    Str: 19    XL:     5   Next: 90%
Magic:  5/5        EV: 10    Int:  9    God:    Trog [**....]
Gold:   162        SH:  0    Dex: 18    Spells: 4/4 levels left

rFire   . . .      SeeInvis .   a - +0 hand axe
rCold   . . .      Faith    .   (no shield)
rNeg    . . .      Spirit   .   c - +0 scale mail
rPois   .          Reflect  .   o - +0 helmet
rElec   .          Harm     .   h - +0 cloak
rCorr   .          Rampage  .   D - +0 pair of gloves
Will    +....                   u - +0 pair of boots
Stlth   ..........              (no amulet)
HPRegen 0.14/turn               t - +6 ring of dexterity
MPRegen 0.09/turn               k - ring of willpower

@: no status effects
A: hooves 1, slimy green scales 1
a: Renounce Religion, Berserk, Trog's Hand


You were on level 4 of the Dungeon.
You worshipped Trog.
Trog was pleased with you.
You visited 1 branch of the dungeon, and saw 4 of its levels.

You collected 162 gold pieces.

Inventory:

Hand Weapons
 a - a +0 hand axe (weapon)
 b - a +0 sling of flaming
 v - a +3 dagger
Missiles
 w - 6 poisoned darts (quivered)
Armour
 c - a +0 scale mail (worn)
 h - a +0 cloak (worn)
 o - a +0 helmet (worn)
 u - a +0 pair of boots (worn)
 D - a +0 pair of gloves (worn)
Jewellery
 i - a ring of positive energy
 k - a ring of willpower (right hand)
 s - a ring of flight
 t - a +6 ring of dexterity (left hand)
 E - a ring of protection from cold
Scrolls
 d - 2 scrolls of silence {unknown}
 f - 7 scrolls of identify {unknown}
 g - 2 scrolls of enchant armour {unknown}
 l - 3 scrolls of blinking {unknown}
 x - a scroll of teleportation {unknown}
 y - a scroll of vulnerability {unknown}
 z - a scroll of magic mapping {unknown}
 A - a scroll of amnesia {unknown}
 F - a scroll of fog {unknown}
Potions
 e - a potion of attraction {unknown}
 j - 4 potions of flight {unknown}
 m - 7 potions of curing {unknown}
 n - a potion of degeneration {unknown}
 p - 2 potions of heal wounds {unknown}
 q - 2 potions of berserk rage {unknown}
 r - 5 potions of might {unknown}
 B - 2 potions of lignification {unknown}
 C - 2 potions of resistance {unknown}


   Skills:
 + Level 5.1 Fighting
 + Level 4.6 Axes
 - Level 1.7 Armour
 - Level 1.7 Dodging


You had 4 spell levels left.
You didn't know any spells.
Your spell library was empty.

Dungeon Overview and Level Annotations

Branches:
Dungeon (4/15)
 Temple: D:4-7

Altars:
Yredelemnul

Shops:
D:2 [


Innate Abilities, Weirdness & Mutations

You have large cloven feet.
You are partially covered in slimy green scales. (AC +2)


Message History

Found 6 stones.
You now have 162 gold pieces (gained 4). 2 gnolls come into view.
A gnoll is wielding a +1 flail of protection.
The gnoll shouts! x2; You hear a shout!
A gnoll comes into view. It is wielding a +0 whip.
The gnoll hits you with a +0 club.
You barely miss the gnoll. x2; You hit the gnoll.
The gnoll barely misses you. The gnoll closely misses you.
The gnoll barely misses you.
You closely miss the gnoll. You hit the gnoll but do no damage.
You hit the gnoll. The gnoll closely misses you.
The gnoll hits you but does no damage.
The gnoll hits you with a +1 flail of protection.
You hit the gnoll but do no damage. You barely miss the gnoll.
You hit the gnoll. The gnoll hits you with a +0 club.
The gnoll hits you but does no damage. The gnoll misses you.
You hit the gnoll.
The gnoll is moderately wounded.
You hit the gnoll but do no damage. You closely miss the gnoll.
The gnoll hits you but does no damage. x2
The gnoll hits you with a +1 flail of protection!
You hit the gnoll.
The gnoll is moderately wounded.
You barely miss the gnoll. You hit the gnoll.
The gnoll hits you with a +0 club. The gnoll barely misses you.
The gnoll hits you with a +1 flail of protection!
You hit the gnoll but do no damage.
The gnoll is moderately wounded.
You hit the gnoll. You hit the gnoll but do no damage.
The gnoll barely misses you. The gnoll hits you with a +0 whip.
The gnoll barely misses you.
You hit the gnoll.
The gnoll is severely wounded.
You hit the gnoll but do no damage. You hit the gnoll.
You kill the gnoll!
Trog accepts your kill. The gnoll hits you with a +0 club!
* * * LOW HITPOINT WARNING * * *
The gnoll hits you with a +1 flail of protection!
You die...

######### #.......#
##############.......#
#............)gg.....#
###.############@......#
.....### #..........#
.##....# #.##########
###.##.# #.# #.##.# #.#
#.##.### ##.# #.##...#
#..##########
###.####.###.##...##...##
..........##.#..........##


You could see 2 gnolls.

Vanquished Creatures
  Sigmund (D:3)
  A gnoll (D:4)
  2 adders (D:3)
  3 worms
  4 dart slugs
  An orc (D:4)
  6 ball pythons
  7 endoplasms
  6 giant cockroaches
  4 hobgoblins
  7 kobolds
  3 quokkas
  4 bats
  2 frilled lizards (D:2)
  7 goblins
  12 rats
70 creatures vanquished.

Notes
Turn   | Place    | Note
-------+----------+-------------------------------------------
     0 | D:1      | ThatPearl the Demonspawn Berserker began the quest for the
                  | Orb.
     0 | D:1      | Reached XP level 1. HP: 18/18 MP: 1/1
   490 | D:1      | Gained mutation: You are partially covered in slimy green
                  | scales. (AC +2) [demonic ancestry]
   490 | D:1      | Reached XP level 2. HP: 24/24 MP: 2/2
   909 | D:1      | Reached ** piety under Trog
   913 | D:1      | Reached XP level 3. HP: 29/29 MP: 3/3
  1562 | D:2      | Found Qunwea's Antique Armour Shop.
  2257 | D:3      | Reached skill level 4 in Fighting
  2292 | D:3      | Found a faded altar of an unknown god.
  2351 | D:3      | Reached XP level 4. HP: 37/37 MP: 4/4
  2543 | D:3      | Noticed Sigmund
  2553 | D:3      | Killed Sigmund
  2554 | D:3      | Reached skill level 5 in Fighting
  2554 | D:3      | Gained mutation: You have large cloven feet. [demonic
                  | ancestry]
  2554 | D:3      | Reached XP level 5. HP: 41/44 MP: 5/5
  3498 | D:4      | Found a basalt altar of Yredelemnul.
  3555 | D:4      | Slain by a gnoll

Illustrated notes

Levels and vault maps discovered:
D:1:      dpeg_arrival_ratfight, layout_basic
D:2:      minmay_alternating_diamond, layout_basic, serial_shops, shop
D:3:      layout_loops_cross, ebering_ecumenical_altar_rust,
          kennysheep_another_room, eino_tiny_chamber, uniq_sigmund
D:4:      layout_rooms, mainiacjoe_overflow_alcove_1

Skill      XL: |  1  2  3  4 |
---------------+-------------+-----
Axes           | 3 4 |  4.6
Fighting       | 4 5 |  5.1
Armour         | |  1.7
Dodging        | |  1.7

Action                   |  1- 3 |  4- 6 || total
-------------------------+-------+-------++-------
Melee: Hand axe          |   178 |    59 ||   237
 Fire: Sling             |       |     2 ||     2
Invok: Berserk           |       |     1 ||     1
       Trog's Hand       |       |     1 ||     1
Armor: Scale mail        |    75 |    25 ||   100
Dodge: Dodged            |    86 |    27 ||   113
